 Dungeon Crawl Stone Soup version 0.28.0-43-g3370ac3207 (webtiles) character file.

Game seed: 4650086138907144631

7858 tizbic2 the Slicer (level 11, -13/60 HPs)
             Began as a Vine Stalker Fighter on Mar 7, 2022.
             Was an Initiate of Cheibriados.
             Mangled by a death knight
             ... wielding a +2 broad axe
              (29 damage)
             ... on level 10 of the Dungeon.
             The game lasted 00:50:02 (8142 turns).

tizbic2 the Slicer (Vine Stalker Fighter)           Turns: 8142, Time: 00:50:02

Health: -13/60     AC: 11    Str: 27    XL:     11   Next: 21%
Magic:  0/12       EV:  8    Int:  9    God:    Cheibriados [......]
Gold:   125        SH: 10    Dex: 32    Spells: 10/10 levels left

rFire   . . .      SeeInvis .   a - +3 rapier (vamp)
rCold   + . .      Faith    .   c - +3 buckler
rNeg    . . .      Spirit   +   p - +0 chain mail
rPois   .          Reflect  .   (no helmet)
rElec   .          Harm     .   (no cloak)
rCorr   .          Rampage  .   G - +0 pair of gloves
Will    +....                   t - +0 pair of boots
Stlth   ..........              (no amulet)
HPRegen 1.00/turn               k - +6 ring of dexterity
MPRegen 0.13/turn               g - ring "Ranehar" {*Slow rC+ Str+4 Dex+10}

@: very slow
A: fangs 3, regeneration 1, magic shield, antimagic bite, no potion heal 2,
hated by all
a: Renounce Religion


You were on level 10 of the Dungeon.
You worshipped Cheibriados.
Cheibriados was noncommittal.
You visited 2 branches of the dungeon, and saw 11 of its levels.

You collected 461 gold pieces.
You spent 336 gold pieces at shops.

Inventory:

Hand Weapons
 a - a +3 vampiric rapier (weapon)
 w - a +4 hunting sling
 K - a +2 long sword of freezing
 M - the +4 dagger "Morg" {pain, Will+ Int+5}
   (You found it on level 6 of the Dungeon)

   In the hands of one skilled in necromantic magic, it inflicts extra damage on
   living creatures.
   Int:       It affects your intelligence (+5).
   Will:      It increases your willpower.
Missiles
 f - 414 stones (quivered)
 C - 68 sling bullets
 E - 16 poisoned darts
 F - a silver boomerang
 L - 2 boomerangs
Armour
 c - a +3 buckler (worn)
 p - a +0 chain mail (worn)
 t - a +0 pair of boots (worn)
 G - a +0 pair of gloves (worn)
Jewellery
 g - the ring "Ranehar" (right hand) {*Slow rC+ Str+4 Dex+10}
   (You acquired it on level 3 of the Dungeon)

   [ring of protection from cold]

   Str:       It affects your strength (+4).
   Dex:       It affects your dexterity (+10).
   rC:        It protects you from cold.
   *Slow:     It may slow you when you take damage.
 k - a +6 ring of dexterity (left hand)
 m - a ring of ice
 u - a ring of wizardry
 x - a +6 ring of intelligence
Wands
 j - a wand of flame (10)
 z - a wand of polymorph (9)
 B - a wand of iceblast (4)
 I - a wand of mindburst (7)
Scrolls
 l - 3 scrolls of vulnerability
 o - a scroll of teleportation
 s - a scroll of magic mapping
 y - a scroll of fog
 D - 2 scrolls of holy word
 H - 2 scrolls of fear
Potions
 b - 2 potions of cancellation {unknown}
 e - 2 potions of degeneration {unknown}
 h - 2 potions of invisibility
 n - 2 potions of flight {unknown}
 q - 2 potions of brilliance {unknown}
 r - 6 potions of curing
 v - 4 potions of haste
 A - 2 potions of lignification {unknown}
 J - 2 potions of mutation {unknown}
Miscellaneous
 N - a phial of floods


   Skills:
 + Level 8.9 Fighting
 * Level 12.5(12.6) Short Blades
 - Level 3.2(8.7) Long Blades
 - Level 2.4 Armour
 - Level 4.0 Shields


You had 10 spell levels left.
You didn't know any spells.
Your spell library contained the following spells:

 Spells                   Type           Power      Damage    Failure   Level
 Shock                    Conj/Air       0%         1d3       97%         1
 Gell's Gravitas          Tloc           0%         N/A       100%        3
 Portal Projectile        Hex/Tloc       0%         N/A       100%        3
 Stone Arrow              Conj/Erth      0%         3d7       100%        3
 Swiftness                Air            0%         N/A       100%        3
 Teleport Other           Tloc           0%         N/A       100%        3
 Airstrike                Air            0%         N/A       100%        4
 Petrify                  Tmut/Erth      0%         N/A       100%        4
 Blade Hands              Tmut           0%         N/A       100%        5
 Excruciating Wounds      Necr           0%         N/A       100%        5
 Metabolic Englaciation   Hex/Ice        0%         N/A       100%        5
 Dispersal                Tloc           0%         N/A       100%        6
 Statue Form              Tmut/Erth      0%         N/A       100%        6
 Lehudib's Crystal Spear  Conj/Erth      0%         10d2      100%        8
 Animate Armour           Summ/Erth      Unusable   N/A       N/A         4

Dungeon Overview and Level Annotations

Branches:
Dungeon (10/15)            Temple (1/1) D:7            Lair (0/6) D:10
    Orc: D:9-12

Altars:
Ashenzari
Cheibriados
Dithmenos
Elyvilon
Fedhas
Gozag
Hepliaklqana
Kikubaaqudgha
Makhleb
Nemelex Xobeh
Okawaru
Qazlal
Ru
Sif Muna
Trog
Uskayaw
Vehumet
Wu Jian
Xom
Yredelemnul
Zin
The Shining One

Shops:
D:1 *   D:2 (?[


Innate Abilities, Weirdness & Mutations

You have razor-sharp teeth.
Your natural rate of healing is unusually fast.
When hurt, damage is shared between your health and your magic reserves.
Your bite disrupts and absorbs the magic of your enemies.
Potions cannot restore your health.
You are hated by all.


Message History

The death knight is lightly wounded.
You shoot a stone. The stone hits the death knight.
The death knight is lightly wounded.
Okay, then.
Press: ? - help, v - describe, . - travel
Here: a death knight, wielding a +2 broad axe and wearing a +0 chain mail (lightly wounded)
The floor.
The death knight drinks a potion.
The death knight seems to speed up.
Really attack while wielding your +4 hunting sling? [Y]es or [N]o only, please.
Really attack while wielding your +4 hunting sling?
Okay, then.
Okay, then.
Really attack while wielding your +4 hunting sling? [Y]es or [N]o only, please.
Really attack while wielding your +4 hunting sling?
Okay, then.
You feel a sense of dread.
a - a +3 vampiric rapier (weapon)
You hit the death knight but do no damage.
You bite the death knight! You drain its power.
The death knight is moderately wounded.
You block the death knight's attack.
You hit the death knight but do no damage.
The death knight is moderately wounded.
The death knight offers itself to Yredelemnul, and fills with unholy energy.
You closely miss the death knight. You bite the death knight!
You drain its power.
The death knight is moderately wounded.
The death knight reflects your damage back at you!
The death knight hits you with a +2 broad axe!!
The death knight hits you with a +2 broad axe!!
The death knight hits you with a +2 broad axe.
You block the death knight's attack.
The death knight hits you with a +2 broad axe!
* * * LOW HITPOINT WARNING * * *
You block the death knight's attack.
The death knight's dark mirror aura disappears.
The death knight hits you with a +2 broad axe!!
You die...

..............###
#......#
.#.########.....#
####...## #
#.#.#.# #.....
#.#.#.#######.....
#.#.#.<...........
#
#.#.########......
#. #.#.# .......
#..##.#.# ##......
#...@..# #.##.##
## #..#p### #.#
.## #. #. #.# #.#
.# #. # #.####
.....## #. #....#
.... #. ####.#
#### #. (# #.####
)# #....# # (#
####


You could see a death knight (fast).

Vanquished Creatures
  A hydra (D:10)
  A two-headed ogre (D:10)
  Pikel (D:5)
  A hornet (D:10)
  Prince Ribbit (D:8)
  6 slime creatures
  2 steam dragons
  A water moccasin (D:7)
  Duvessa (D:5)
  Pargi (D:3)
  2 orc warriors
  2 black bears (D:8)
  2 ice beasts
  2 necrophages (D:7)
  A lemure (D:5)
  4 centaurs
  2 phantoms
  A kobold brigand (D:8)
  A bullfrog (D:9)
  Blork the orc (D:6)
  3 scorpions
  A gnoll sergeant (D:8)
  Dowan (D:5)
  11 killer bees (D:9)
  9 wights
  A howler monkey (D:7)
  3 hounds
  A jelly (D:8)
  A bullfrog zombie (D:3)
  5 centaur zombies
  6 orc priests
  3 centaur skeletons
  2 iguanas
  Natasha (thrice) (D:2)
  Ijyb (D:3)
  2 orc wizards
  2 howler monkey zombies
  8 gnolls
  3 adders
  A white imp (D:6)
  2 worms
  3 dart slugs
  24 orcs
  3 endoplasms
  A giant cockroach (D:1)
  5 goblins
  9 hobgoblins
  8 jackals
  8 kobolds
  2 quokkas (D:2)
  7 ball pythons
  5 bats
  4 frilled lizards
  7 rats
189 creatures vanquished.

Notes
Turn   | Place    | Note
-------+----------+-------------------------------------------
     0 | D:1      | tizbic2 the Vine Stalker Fighter began the quest for the
                  | Orb.
     0 | D:1      | Reached XP level 1. HP: 11/11 MP: 2/2
   325 | D:1      | Reached XP level 2. HP: 15/16 MP: 3/3
   473 | D:1      | Found a faded altar of an unknown god.
   720 | D:1      | Found Xiaxupan's General Store.
  1123 | D:2      | Reached XP level 3. HP: 16/19 MP: 4/4
  1138 | D:2      | Noticed Natasha
  1144 | D:2      | Killed Natasha
  1317 | D:2      | Identified the +1 robe of Qedo {Drain +Inv Fly Dex+2}
  1328 | D:2      | Found Afuschaw's Magic Scroll Boutique.
  1341 | D:2      | Found Fazex's Weapon Emporium.
  1347 | D:2      | Gained mutation: Your natural rate of healing is unusually
                  | fast. [Vine Stalker growth]
  1347 | D:2      | Reached XP level 4. HP: 23/23 MP: 5/5
  1386 | D:2      | Noticed Natasha
  1392 | D:2      | Killed Natasha
  1393 | D:2      | Reached skill level 1 in Short Blades
  1440 | D:2      | Found Tapiv's Armour Emporium.
  1446 | D:2      | Noticed Natasha
  1453 | D:2      | Killed Natasha
  1463 | D:2      | Reached XP level 5. HP: 27/27 MP: 6/6
  1744 | D:3      | Identified a scroll of acquirement
  1744 | D:3      | Acquired the ring "Ranehar" {*Slow rC+ Str+4 Dex+10}
  1862 | D:3      | Reached skill level 2 in Short Blades
  1970 | D:3      | Noticed Ijyb
  1982 | D:3      | Killed Ijyb
  2082 | D:3      | Noticed Pargi
  2102 | D:3      | Killed Pargi
  2103 | D:3      | Reached skill level 3 in Short Blades
  2103 | D:3      | Reached XP level 6. HP: 29/32 MP: 7/7
  2248 | D:3      | Found a hide-covered altar of Uskayaw.
  2248 | D:3      | Found an opulent altar of Gozag.
  2634 | D:4      | Reached skill level 4 in Short Blades
  3107 | D:5      | Entered Level 5 of the Dungeon
  3166 | D:5      | Reached XP level 7. HP: 17/36 MP: 2/8
  3195 | D:5      | Found a basalt altar of Yredelemnul.
  3265 | D:5      | Reached skill level 5 in Short Blades
  3290 | D:5      | Noticed Duvessa
  3371 | D:5      | Noticed Dowan
  3382 | D:5      | Killed Duvessa
  3386 | D:5      | Killed Dowan
  3501 | D:5      | Found a bloodstained altar of Trog.
  3524 | D:5      | Gained mutation: You have razor-sharp teeth. [Vine Stalker
                  | growth]
  3524 | D:5      | Reached XP level 8. HP: 30/42 MP: 6/9
  3676 | D:5      | Noticed Pikel
  3691 | D:5      | Killed Pikel
  3692 | D:5      | Reached skill level 7 in Short Blades
  3718 | D:5      | Found a burning altar of Makhleb.
  3949 | D:6      | Reached skill level 5 in Fighting
  3980 | D:6      | Noticed Blork the orc
  3991 | D:6      | Killed Blork the orc
  4204 | D:6      | Found the +4 dagger "Morg" {pain, Will+ Int+5}
  4303 | D:7      | Reached skill level 8 in Short Blades
  4303 | D:7      | Reached XP level 9. HP: 18/47 MP: 7/10
  4827 | D:7      | Found a staircase to the Ecumenical Temple.
  4840 | Temple   | Entered the Ecumenical Temple
  5076 | Temple   | Became a worshipper of Ru the Awakened
  5223 | D:7      | Reached skill level 9 in Short Blades
  5443 | D:8      | Noticed Prince Ribbit
  5482 | D:8      | Killed Prince Ribbit
  5840 | D:8      | Reached skill level 10 in Short Blades
  5845 | D:8      | Reached XP level 10. HP: 45/53 MP: 8/11
  6104 | D:8      | Gained mutation: You are hated by all. [Ru sacrifice]
  6104 | D:8      | Reached * piety under Ru
  6389 | D:7      | Reached skill level 11 in Short Blades
  6521 | D:2      | Bought a +2 vampiric rapier for 336 gold pieces
  6779 | D:9      | Identified the +0 robe of Subjectivity {Dex+9}
  7518 | D:10     | Entered Level 10 of the Dungeon
  7610 | D:10     | Found a staircase to the Lair.
  7634 | D:10     | Found a sparkling altar of Nemelex Xobeh.
  7641 | D:10     | Found a snail-covered altar of Cheibriados.
  7658 | D:10     | Fell from the grace of Ru
  7658 | D:10     | Became a worshipper of Cheibriados the Contemplative
  7684 | D:10     | Noticed a two-headed ogre
  7691 | D:10     | Killed a two-headed ogre
  7758 | D:10     | Reached skill level 12 in Short Blades
  7758 | D:10     | Reached XP level 11. HP: 60/60 MP: 12/12
  7766 | D:10     | Noticed an eight-headed hydra
  7953 | D:10     | Noticed a death knight
  8052 | D:10     | Killed an eight-headed hydra
  8142 | D:10     | Mangled by a death knight

Illustrated notes

Levels and vault maps discovered:
D:1:      dpeg_arrival_houses_and_road, layout_basic,
          hellmonk_ecumenical_altar_leap_of_faith, serial_shops, shop
D:2:      layout_rooms, serial_shops, shop, nicolae_shop_bloodbath_and_beyond,
          shop_fountains, uniq_natasha
D:3:      layout_loops_ring, gammafunk_temple_overflow_statue,
          minmay_box_of_dots, uniq_pargi, uniq_ijyb
D:4:      layout_basic, minmay_misc_feat_alley
D:5:      layout_rooms, bloody_makhleb, mainiacjoe_overflow_boulevard,
          overflow_temple_1_default, uniq_pikel, uniq_duvessa
D:6:      layout_cave_pools, bh_walls_and_bars, uniq_blork_the_orc
D:7:      layout_loops_cross, minmay_temple_entry_statues_fountains,
          grunt_decor_junction
D:8:      layout_basic, uniq_prince_ribbit1
D:9:      layout_roguey
D:10:     layout_loops_ring, grunt_temple_overflow_diamond, lair_entry_dummy
Temple:   dpeg_chambers_temple

Skill      XL: |  1  2  3  4  5  6  7  8  9 10 |
---------------+-------------------------------+-----
Long Blades    | 2 3 |  3.2
Shields        | 3 4 |  4.0
Short Blades   | 1 3 4 5 8 10 12 | 12.5
Fighting       | 3 4 5 6 8 |  8.9
Armour         | |  2.4

Action                   |  1- 3 |  4- 6 |  7- 9 | 10-12 || total
-------------------------+-------+-------+-------+-------++-------
Melee: Long sword        |    60 |   128 |    99 |       ||   287
       Bite              |    14 |    26 |    96 |   101 ||   237
       Dagger            |       |       |   161 |    83 ||   244
       Rapier            |       |       |       |   119 ||   119
 Fire: Hunting sling     |       |    25 |    41 |    25 ||    91
Throw: Stone             |     5 |       |     3 |     3 ||    11
Invok: Sacrifice Love    |       |       |       |     1 ||     1
  Use: Scroll            |       |     8 |     2 |    12 ||    22
       Potion            |       |       |       |     1 ||     1
Armor: Scale mail        |    26 |       |       |       ||    26
       Chain mail        |     2 |    67 |    79 |    76 ||   224
       Skin              |       |       |    16 |       ||    16
Dodge: Dodged            |    31 |    47 |    46 |    46 ||   170
Block: Buckler           |    16 |    44 |    93 |    89 ||   242
